 Dungeon Crawl Stone Soup version 0.30-a0-358-g0d69a1922f (webtiles) character file.

Game seed: 8357244986328197356

332 mopl the Chopper (level 6, -1/47 HPs)
             Began as a Formicid Warper on Nov 9, 2022.
             Slain by an orc
             ... wielding a +0 trident
              (6 damage)
             ... on level 5 of the Dungeon.
             The game lasted 00:04:25 (3036 turns).

mopl the Chopper (Formicid Warper)                  Turns: 3036, Time: 00:04:27

Health: -1/47      AC: 10    Str: 21    XL:     6   Next: 82%
Magic:  10/10      EV: 16    Int: 10    God:
Gold:   175        SH:  0    Dex: 16    Spells: 11/11 levels left

rFire   . . .      SeeInvis +    a - +0 hand axe
rCold   . . .      Faith    .    (no shield)
rNeg    . . .      Spirit   .    b - +4 ring mail of the Cobbler {+Blink Stlth+}
rPois   .          Reflect  .    (helmet unavailable)
rElec   .          Harm     .    (no cloak)
rCorr   .          Rampage  .    o - +0 pair of gloves
Will    .....                    (no boots)
Stlth   ++........               (no amulet)
HPRegen 0.27/turn                g - +4 ring of evasion
MPRegen 0.12/turn                (no ring)

@: no status effects
A: permanent stasis, dig shafts and tunnels, antennae 3, four strong arms,
talons 1, agile 1, strong 1
a: Dig, Shaft Self


You were on level 5 of the Dungeon.
You visited 2 branches of the dungeon, and saw 6 of its levels.

You collected 175 gold pieces.

Inventory:

Hand Weapons
 a - a +0 hand axe (weapon)
Missiles
 c - 7 boomerangs of dispersal
 d - 7 poisoned darts (quivered)
Armour
 b - the +4 ring mail of the Cobbler (worn) {+Blink Stlth+}
   (You found it on level 3 of the Dungeon)

   +Blink:    It lets you blink.
   Stlth:     It makes you more stealthy.
 n - a +1 leather armour of cold resistance
 o - a +0 pair of gloves (worn)
Jewellery
 g - a +4 ring of evasion (left hand)
Wands
 p - a wand of flame (21)
Scrolls
 h - a scroll of fear {unknown}
 j - 3 scrolls of identify {unknown}
 k - a scroll of blinking {unknown}
 m - 4 scrolls of magic mapping {unknown}
Potions
 e - a potion of curing
 f - 2 potions of mutation {!q}
 i - a potion of brilliance {unknown}
 l - 2 potions of might {unknown}
 q - a potion of degeneration {unknown}
 r - a potion of cancellation {unknown}


   Skills:
 + Level 3.2 Fighting
 * Level 3.6 Axes
 + Level 2.2 Throwing
 + Level 2.4 Armour
 + Level 2.6 Dodging
 + Level 3.1 Spellcasting
 + Level 3.3 Translocations
 + Level 1.2 Evocations


You had 11 spell levels left.
You didn't know any spells.
Your spell library contained the following spells:

 Spells                   Type           Power      Damage    Failure   Level
 Lesser Beckoning         Tloc           16%        N/A       34%         3
 Teleport Other           Tloc           8%         N/A       34%         3
 Vhi's Electric Charge    Tloc/Air       8%         N/A       56%         3
 Manifold Assault         Tloc           8%         N/A       75%         4
 Petrify                  Tmut/Erth      1%         N/A       99%         4
 Metabolic Englaciation   Hex/Ice        0%         N/A       100%        5
 Statue Form              Tmut/Erth      0%         N/A       100%        6
 Blink                    Tloc           Unusable   N/A       N/A         2

Dungeon Overview and Level Annotations

Branches:
Dungeon (5/15)             Temple (1/1) D:5

Altars:
Ashenzari
Cheibriados
Dithmenos
Elyvilon
Fedhas
Gozag
Kikubaaqudgha
Nemelex Xobeh
Qazlal
Sif Muna
Trog
Uskayaw
Vehumet
Wu Jian
Xom
Zin
The Shining One

Shops:
D:2 :


Innate Abilities, Weirdness & Mutations

You cannot be hasted, slowed, berserked, paralysed or teleported.
You can dig through walls and to a lower floor.
You have a pair of large antennae on your head. (SInv)
Your four strong arms can wield two-handed weapons with a shield.
You have sharp toenails.
You are agile. (Dex +4, Str/Int -1)
Your muscles are strong. (Str +4, Int/Dex -1)


Message History

Unknown command.
You hit the water moccasin but do no damage.
The water moccasin is severely wounded.
You feel very sick.
The water moccasin bites you but does no damage.
The orc closely misses you.
Unknown command.
You closely miss the water moccasin.
The water moccasin is severely wounded.
You feel sick. The water moccasin barely misses you. The orc misses you.
The water moccasin barely misses you.
Unknown command.
You barely miss the water moccasin.
The water moccasin is severely wounded.
You feel sick. The water moccasin misses you. The orc barely misses you.
Unknown command.
You feel better. The water moccasin barely misses you.
The orc barely misses you. The water moccasin bites you!
* * * LOW HITPOINT WARNING * * *
You are poisoned.
The water moccasin poisons you!
You hit the water moccasin.
The water moccasin is almost dead.
* * * LOW HITPOINT WARNING * * *
You feel very sick.
The water moccasin completely misses you.
The orc hits you from afar with a +0 trident.
* * * LOW HITPOINT WARNING * * *
You feel better. The water moccasin bites you.
* * * LOW HITPOINT WARNING * * *
The orc hits you from afar with a +0 trident.
* * * LOW HITPOINT WARNING * * *
The water moccasin bites you but does no damage.
It was a potion of mutation.
You feel extremely strange.
You feel agile.
Your toenails lengthen and sharpen.
You feel stronger. The water moccasin barely misses you.
The orc wizard gestures wildly while chanting.
The orc wizard flickers and vanishes for a moment.
The orc hits you from afar with a +0 trident.
You die...

#..#.#...
#.###..#.#.##
#...........#
#####.......###..
#...♣.♣......
##...>..#### ####
##.♣.♣.#
#.o)####......#
#@.........#
##S#####.#.# #o..
...... #.###
#.###.# .## ...
..# . ... ... ..
.... .# .. ...


You could see a water moccasin, an orc wizard (invisible) and an orc.

Vanquished Creatures
  A scorpion (D:4)
  A hound (D:5)
  2 orc priests (D:4)
  A jelly (D:5)
  An orc wizard (D:4)
  3 adders
  3 dart slugs
  10 orcs
  6 ball pythons
  6 bats
  8 endoplasms
  6 giant cockroaches
  5 goblins
  5 hobgoblins
  4 jackals (D:2)
  6 kobolds
  2 quokkas (D:2)
  5 frilled lizards
  6 rats
81 creatures vanquished.

Notes
Turn   | Place    | Note
-------+----------+-------------------------------------------
     0 | D:1      | mopl the Formicid Warper began the quest for the Orb.
     0 | D:1      | Reached XP level 1. HP: 16/16 MP: 3/3
    49 | D:1      | Reached XP level 2. HP: 14/22 MP: 5/5
   247 | D:1      | Reached XP level 3. HP: 27/28 MP: 6/6
   702 | D:2      | Reached skill level 2 in Dodging
   762 | D:2      | Reached XP level 4. HP: 11/34 MP: 7/7
  1171 | D:2      | Found an ornate altar of the Wu Jian Council.
  1178 | D:2      | Found Kukk's Book Shop.
  1537 | D:3      | Reached skill level 3 in Translocations
  1777 | D:3      | Reached skill level 3 in Axes
  1786 | D:3      | Reached XP level 5. HP: 26/39 MP: 8/8
  1865 | D:3      | Identified the +4 ring mail of the Cobbler {+Blink Stlth+}
  1999 | D:3      | Found a glowing silver altar of Zin.
  2090 | D:3      | Found a hide-covered altar of Uskayaw.
  2097 | D:3      | Found a shimmering altar of Xom.
  2100 | D:3      | Found a shimmering blue altar of Sif Muna.
  2100 | D:3      | Found a glowing golden altar of the Shining One.
  2109 | D:3      | Found a radiant altar of Vehumet.
  2449 | D:4      | Reached skill level 3 in Fighting
  2449 | D:4      | Reached skill level 2 in Armour
  2489 | D:4      | Reached XP level 6. HP: 34/43 MP: 10/10
  2496 | D:4      | Reached skill level 2 in Throwing
  2500 | D:4      | Reached skill level 1 in Evocations
  2568 | D:4      | Found an opulent altar of Gozag.
  2721 | D:4      | Reached skill level 3 in Spellcasting
  2945 | D:5      | Entered Level 5 of the Dungeon
  2958 | D:5      | Found a staircase to the Ecumenical Temple.
  2966 | Temple   | Entered the Ecumenical Temple
  3003 | D:5      | Noticed a water moccasin
  3036 | D:5      | Gained mutation: You are agile. (Dex +4, Str/Int -1)
                  | [potion of mutation]
  3036 | D:5      | Gained mutation: You have sharp toenails. [potion of
                  | mutation]
  3036 | D:5      | Gained mutation: Your muscles are strong. (Str +4, Int/Dex
                  | -1) [potion of mutation]
  3036 | D:5      | Slain by an orc

Illustrated notes

Levels and vault maps discovered:
D:1:      dpeg_arrival_leaves_temple_mockup, layout_basic, skrybe_limestone_x,
          st_stairs_2, minmay_domino_4
D:2:      layout_loops_cross, basic_altar, serial_shops, nicolae_square_shop,
          chequers_serial_rivers_marsh
D:3:      layout_basic, nicolae_overflow_hallway_of_the_gods, zin_academy,
          minmay_bisected
D:4:      layout_basic, mainiacjoe_overflow_alcove_1
D:5:      layout_loops_ring, lemuel_zombie_altar_yredelemnul,
          minmay_temple_entry_trees, cheibrodos_sewer_entry_drain
Temple:   nicolae_temple_cloud_nine

Skill      XL: |  1  2  3  4  5  6 |
---------------+-------------------+-----
Dodging        | 2 |  2.6
Translocations | 3 |  3.3
Axes           | 3 |  3.6
Fighting       | 3 |  3.2
Armour         | 2 |  2.4
Throwing       | 2 |  2.2
Evocations     | 1 |  1.2
Spellcasting   | 3 |  3.1

Action                   |  1- 3 |  4- 6 || total
-------------------------+-------+-------++-------
Melee: Hand axe          |   105 |   186 ||   291
       Punch             |     1 |     4 ||     5
Throw: Dart              |       |     4 ||     4
 Abil: Dig               |       |     1 ||     1
Evoke: Wand              |       |     5 ||     5
  Use: Potion            |       |     4 ||     4
 Stab: Sleeping          |       |     2 ||     2
Armor: Leather armour    |    47 |    15 ||    62
       Ring mail         |       |    29 ||    29
Dodge: Dodged            |    94 |   210 ||   304

Table legend: (Time is in decaauts)
 A = Elapsed time spent in this place.
 B = Non-inter-level travel time spent in this place.
 C = Inter-level travel time spent in this place.
 D = Time resting spent in this place.
 E = Time spent auto-exploring this place.
 F = Levels seen in this place.
 G = Mean time per level.
                   A        B        C        D        E       F      G
               +--------+--------+--------+--------+--------+-----+--------+
         Total |   3086 |   2979 |    107 |    384 |   1893 |   6 |  514.3 |
       Dungeon |   3059 |   2952 |    107 |    384 |   1893 |   5 |  611.8 |
        Temple |     27 |     27 |      0 |      0 |      0 |   1 |   27.0 |
               +--------+--------+--------+--------+--------+-----+--------+

Top non-repeatable levels by time:
     D:3: 856 daAuts
     D:2: 826 daAuts
     D:1: 711 daAuts
     D:4: 598 daAuts
     D:5: 66 daAuts
  Temple: 27 daAuts
